 Dungeon Crawl Stone Soup version 0.19.0-2-gae57169 (webtiles) character file.

165 Alarkh the Grave Robber (level 5, 0/35 HPs)
             Began as a Mummy Necromancer on Nov 5, 2016.
             Slain by a black bear (3 damage)
             ... created by the rage of Trog
             ... on level 3 of the Dungeon.
             The game lasted 00:03:59 (2363 turns).

Alarkh the Grave Robber (Mummy Necromancer)         Turns: 2363, Time: 00:04:00

Health: 0/35       AC:  3    Str:  9 (11) XL:     5   Next: 22%
Magic:  10/10      EV: 12    Int: 15      God:
Gold:   187        SH:  0    Dex: 13      Spells: 2 memorised, 7 levels left

rFire  x . .     SeeInvis .     c - +0 spear
rCold  + . .     Gourm    .     a - +0 robe
rNeg   + + +     Faith    .     (no shield)
rPois  ∞         Spirit   .     i - +0 helmet
rElec  .         Reflect  .     (no cloak)
rCorr  .         Harm     .     (no gloves)
MR     .....                    (no boots)
Stlth  +.........               (no amulet)
                                (no ring)
                                (no ring)

@: confused
A: no food or potions, fire vulnerability, cold resistance 1, negative energy
resistance 3, torment resistance, unbreathing
a: no special abilities


You were on level 3 of the Dungeon.
You were not hungry.

You visited 1 branch of the dungeon, and saw 3 of its levels.

You collected 187 gold pieces.

Inventory:

Hand Weapons
 c - a +0 spear (weapon)
Armour
 a - a +0 robe (worn)
 i - a +0 helmet (worn)
Jewellery
 n - an uncursed ring of ice
Scrolls
 d - a scroll of enchant weapon
 e - a scroll of identify
 f - a scroll of enchant armour
 g - a scroll of immolation
 h - 2 scrolls of blinking {unknown}
 j - a scroll of fear {unknown}
 k - a scroll of random uselessness {unknown}
 l - a scroll of recharging {unknown}
 m - a scroll of teleportation {unknown}
 o - a scroll of magic mapping {unknown}
 p - a scroll of remove curse {unknown}
Books
 b - a book of Necromancy

   Spells                             Type                      Level
   a - Pain                           Necromancy                   1
   b - Animate Skeleton               Necromancy                   1
   c - Vampiric Draining              Necromancy                   3
   d - Regeneration                   Charms/Necromancy            3
   e - Animate Dead                   Necromancy                   4
   f - Control Undead                 Necromancy                   4


   Skills:
 - Level 1.5 Dodging
 - Level 1.5 Stealth
 + Level 3.8 Spellcasting
 + Level 5.4 Necromancy


You had 7 spell levels left.
You knew the following spells:

 Your Spells              Type           Power        Failure   Level  Hunger
a - Pain                  Necr           ###.         1%          1    N/A
b - Vampiric Draining     Necr           ###.......   10%         3    N/A

Dungeon Overview and Level Annotations

Branches:
Dungeon (3/15)

Altars:
Ashenzari
Trog
Vehumet


Innate Abilities, Weirdness & Mutations

You do not eat or drink.
Your flesh is vulnerable to fire.
You are immune to poison.
Your flesh is cold resistant. (rC+)
You are immune to negative energy. (rN+++)
You are immune to unholy pain and torment.
You can survive without breathing.


Message History

HP restored.
Found a meat ration.
You now have 187 gold pieces (gained 5).
Found a stone staircase leading down.
There is an escape hatch in the floor here.
Trog sends monsters to punish you. The divine experience confuses you!
You are confused.
Found a scroll labeled KAABULO HUAHUNA. 4 polar bears and 2 black bears come into view.
There are monsters nearby!
You bump into the rock wall.
The polar bear bites you!!
Ouch! That really hurt!
* * * LOW HITPOINT WARNING * * *
The polar bear misses you. The polar bear closely misses you.
You bump into the rock wall.
The black bear bites you.
* * * LOW HITPOINT WARNING * * *
The black bear claws you.
* * * LOW HITPOINT WARNING * * *
The black bear claws you.
You die...

###.#.# .#.# #.# ##.#.#
... #.# ##....#
#?..#######.# ......###
#.#.##...##.#
#..<....###......#.##.#
#.#####.........h.. #.#
#.# #..###[.##h.###.##
#.# #..#
#..##hh##...### #.#
#.## #.>##@hh......#
#.#####.#
#..##.###.†.#.#
#.......# #..##.#
##.##.# ....#####
#..##.# #.##.#
##.#########..##.#
#.##.####
.....<........##.#
#.....).####
###.########.###>#
####.......# #.#
#..##.# ####.##.# #.#
###.##.# #.##.#


You could see 4 polar bears and 2 black bears.

Vanquished Creatures
  Terence (D:3)
  Ijyb (D:3)
  Natasha (D:3)
  An adder (D:2)
  3 worms (D:1)
  8 dart slugs
  A ball python (D:1)
  4 giant cockroaches
  3 goblins
  5 hobgoblins
  2 jackals (D:2)
  A quokka (D:2)
  5 bats
  5 frilled lizards
  4 kobolds
  23 rats
68 creatures vanquished.

Notes
Turn   | Place    | Note
-------+----------+-------------------------------------------
     0 | D:1      | Alarkh the Mummy Necromancer began the quest for the Orb.
     0 | D:1      | Reached XP level 1. HP: 13/13 MP: 3/3
   175 | D:1      | Reached XP level 2. HP: 19/19 MP: 0/5
   705 | D:1      | Reached XP level 3. HP: 10/24 MP: 2/6
   710 | D:1      | Learned a level 3 spell: Vampiric Draining
  1207 | D:2      | Found a shattered altar of Ashenzari.
  1548 | D:2      | Reached XP level 4. HP: 30/30 MP: 6/8
  1594 | D:2      | Found a radiant altar of Vehumet.
  1630 | D:2      | Found a faded altar of an unknown god.
  1641 | D:2      | Became a worshipper of Trog the Wrathful
  1641 | D:2      | Reached * piety under Trog
  1641 | D:2      | Fell from the grace of Trog
  1706 | D:2      | Reached skill level 5 in Necromancy
  1951 | D:3      | Noticed Ijyb
  1955 | D:3      | Killed Ijyb
  2174 | D:3      | Noticed Terence
  2181 | D:3      | Killed Terence
  2181 | D:3      | Reached XP level 5. HP: 32/35 MP: 3/10
  2210 | D:3      | Noticed Natasha
  2217 | D:3      | Killed Natasha
  2361 | D:3      | Noticed a black bear
  2361 | D:3      | Noticed a polar bear
  2361 | D:3      | Noticed a polar bear
  2361 | D:3      | Noticed a polar bear
  2361 | D:3      | Noticed a polar bear
  2361 | D:3      | Noticed a black bear
  2363 | D:3      | Slain by a black bear

Skill      XL: |  1  2  3  4 |
---------------+-------------+-----
Spellcasting   | 3 |  3.8
Necromancy     | 5 |  5.4
Dodging        | |  1.5
Stealth        | |  1.5

Action                   |  1- 3 |  4- 6 || total
-------------------------+-------+-------++-------
Melee: Unarmed           |    12 |       ||    12
       Spear             |    87 |     5 ||    92
 Cast: Pain              |    88 |    42 ||   130
       Vampiric Draining |     1 |       ||     1
Invok: Renounce Religion |       |     1 ||     1
  Use: Scroll            |     2 |     1 ||     3
 Stab: Sleeping          |     2 |       ||     2
Armor: Robe              |    20 |     2 ||    22
Dodge: Dodged            |    46 |     9 ||    55
